 Dungeon Crawl Stone Soup version 0.31.0-32-g396128a36d (webtiles) character file.

Game seed: 10566937431829080469

515 hawla the Ducker (level 7, -7/38 HPs)
             Began as a Deep Elf Fire Elementalist on Mar 10, 2024.
             Mangled by a wight
             ... wielding a +0 halberd
              (13 damage)
             ... in an ossuary.
             The game lasted 00:08:19 (3364 turns).

hawla the Ducker (Deep Elf Fire Elementalist)       Turns: 3364, Time: 00:08:20

Health: -7/38      AC:  4    Str:  5    XL:     7   Next: 0%
Magic:  15/15      EV: 15    Int: 22    God:
Gold:   155        SH:  0    Dex: 15    Spells: 3/14 levels left

rFire   . . .        (no weapon)
rCold   . . .        (no shield)
rNeg    . . .        k - +2 robe {Will+}
rPois   .            (no helmet)
rElec   .            (no cloak)
rCorr   .            (no gloves)
SInv    .            (no boots)
Will    +....        (no amulet)
Stlth   +++          (no ring)
HPRegen 0.26/turn    (no ring)
MPRegen 0.14/turn

%: no passive effects
@: very slightly contaminated
A: no striking features
a: no special abilities


You were in an ossuary.
You visited 1 branch of the dungeon, and saw 5 of its levels.
You also visited: Ossuary.

You collected 155 gold pieces.

Inventory:

Armour
 k - a +2 robe of willpower (worn)
Scrolls
 d - a scroll of torment {unknown}
 e - a scroll of vulnerability
 f - a scroll of revelation {unknown}
 g - a scroll of teleportation
 h - a scroll of butterflies {unknown}
 i - a scroll of silence
 j - a scroll of fog
 m - a scroll of blinking {unknown}
 n - a scroll of enchant armour {unknown}
 p - 3 scrolls of immolation {unknown}
Potions
 a - 2 potions of might {unknown}
 c - a potion of heal wounds {unknown}
 l - a potion of resistance {unknown}
 o - 2 potions of mutation {unknown}


   Skills:
 - Level 1.0 Fighting
 + Level 7.0 Dodging
 - Level 4.0 Stealth
 - Level 4.0 Spellcasting
 - Level 3.0 Conjurations
 - Level 4.0 Fire Magic


You had 3 spell levels left.
You knew the following spells:

 Your Spells              Type           Power      Damage    Failure   Level
a - Foxfire               Conj/Fire      76%        2x1d7     2%          1
b - Scorch                Fire           44%        2d6       3%          2
c - Flame Wave            Conj/Fire      19%        2d7       26%         4
d - Olgreb's Toxic Radia  Alch           4%         N/A       73%         4

Your spell library contained the following spells:

 Spells                   Type           Power      Damage    Failure   Level
 Magic Dart               Conj           68%        1d6       3%          1
 Searing Ray              Conj           34%        2d5       4%          2
 Sting                    Conj/Alch      44%        1d5       6%          1
 Inner Flame              Hex/Fire       13%        N/A       14%         3
 Volatile Blastmotes      Fire/Tloc      26%        2d12      14%         3
 Mercury Vapours          Alch/Air       8%         N/A       17%         2
 Fulminant Prism          Conj/Alch      5%         3d7       52%         4
 Chain Lightning          Conj/Air       5%         3d7       100%        9
 Fire Storm               Conj/Fire      9%         8d3       100%        9
 Shatter                  Erth           2%         3d6*      100%        9


Dungeon Overview and Level Annotations

Branches:
Dungeon (4/15)            Ossuary (1/1)
 Temple: D:4-7

Altars:
Cheibriados
Qazlal
Trog
Zin


Message History

The burial acolyte hits you with a +0 dagger.
Casting: Scorch (safe; 3% risk of failure)
Confirm with . or Enter, or press ? or * to list all spells.
Flames lash the burial acolyte.
The burial acolyte is burned terribly!
The burial acolyte is heavily wounded.
The laughing skull gives a hideous shriek!
The burial acolyte hits you with a +0 dagger.
Casting: Scorch (safe; 3% risk of failure)
Confirm with . or Enter, or press ? or * to list all spells.
Flames lash the burial acolyte.
The burial acolyte is burned terribly!
You kill the burial acolyte!
Your Dodging skill increases to level 7!
You have reached level 7! 2 wights come into view.
Casting: Scorch (safe; 3% risk of failure)
Confirm with . or Enter, or press ? or * to list all spells.
Flames lash the wight.
The wight is lightly damaged.
The wight's fire resistance burns away.
The wight misses you.
Casting: Scorch (safe; 3% risk of failure)
Confirm with . or Enter, or press ? or * to list all spells.
Flames lash the wight but do no damage.
The wight barely misses you.
Casting: Scorch (safe; 3% risk of failure)
Confirm with . or Enter, or press ? or * to list all spells.
Casting: Flame Wave (extremely dangerous; 26% risk of failure)
Press: ? - help, Dir - look around, f - activate You miscast Flame Wave.
You are very lightly contaminated with residual magic.
There is a sudden and violent explosion of flames!
The laughing skull gibbers darkly at the inescapable nature of violence.
The wight barely misses you. Magic courses through your body.
The wight is no longer more vulnerable to fire.
The wight barely misses you.
Okay, then.
The laughing skull gives a hideous shriek!
The wight hits you with a +2 battleaxe!
* * * LOW HITPOINT WARNING * * *
The wight hits you with a +0 halberd!
You die...

.♣ ♣.♣z .♣ ♣..
.'♣#.###.#♣'.
...........
......... #
#♣#.!?!.#♣#.#
#z#.!??.#z#.#
.#♣#.!z?.#♣#.#
.......@z....#
......z..)...#
.'♣#.###.#♣'..#
♣.♣z♣.♣ ..#
..#♣#.###.#♣#..#
...............#
♣....##'##....♣#
### ♣.♣ #####
###.###


You could see 4 laughing skulls and 3 wights.

Vanquished Creatures
  Sigmund (D:2)
  An ogre (D:3)
  A phantom (D:4)
  A burial acolyte (Ossuary)
  A hound (D:4)
  A centaur skeleton (Ossuary)
  3 adders
  2 adder skeletons (Ossuary)
  3 dart slugs
  A ribbon worm (D:3)
  3 orcs
  4 endoplasms
  3 giant cockroaches
  8 goblins
  4 hobgoblins
  2 jackals (D:3)
  7 quokkas
  2 ball pythons
  5 ball python skeletons (Ossuary)
  2 bats
  7 frilled lizards
  3 kobolds
  2 kobold skeletons (Ossuary)
  5 rats
72 creatures vanquished.

Vanquished Creatures (others)
  119 foxfires
119 creatures vanquished.

Grand Total: 191 creatures vanquished

Notes
Turn   | Place    | Note
-------+----------+-------------------------------------------
     0 | D:1      | hawla the Deep Elf Fire Elementalist began the quest for
                  | the Orb.
     0 | D:1      | Reached XP level 1. HP: 10/10 MP: 6/6
   155 | D:1      | Reached XP level 2. HP: 6/15 MP: 4/8
   158 | D:1      | Learned a level 2 spell: Scorch
   418 | D:1      | Reached skill level 1 in Fighting
   513 | D:1      | Found a faded altar of an unknown god.
   910 | D:2      | Reached XP level 3. HP: 20/20 MP: 5/9
  1475 | D:2      | Noticed Sigmund
  1482 | D:2      | Killed Sigmund
  1483 | D:2      | Reached skill level 3 in Dodging
  1483 | D:2      | Reached XP level 4. HP: 25/25 MP: 2/12
  1483 | D:2      | Reached XP level 5. HP: 29/29 MP: 2/13
  1779 | D:3      | Learned a level 4 spell: Flame Wave
  1827 | D:3      | Noticed an ogre
  1833 | D:3      | Killed an ogre
  1834 | D:3      | Reached skill level 5 in Dodging
  1834 | D:3      | Reached XP level 6. HP: 10/34 MP: 6/14
  2088 | D:3      | Found a stormy altar of Qazlal.
  2088 | D:3      | Found a bloodstained altar of Trog.
  2089 | D:3      | Found a glowing silver altar of Zin.
  2099 | D:3      | Found a snail-covered altar of Cheibriados.
  2521 | D:4      | Reached skill level 6 in Dodging
  2526 | D:4      | Learned a level 4 spell: Olgreb's Toxic Radiance
  2986 | D:4      | You fall into a shaft and drop 2 floors!
  2995 | D:6      | Noticed a steam dragon
  2996 | D:6      | Found a sand-covered staircase.
  3003 | Ossuary  | Entered an ossuary
  3359 | Ossuary  | Reached skill level 7 in Dodging
  3359 | Ossuary  | Reached XP level 7. HP: 29/38 MP: 8/15
  3364 | Ossuary  | Mangled by a wight

Illustrated notes

Levels and vault maps discovered:
D:1:      lemuel_arrival_rhombus, layout_basic, ebering_ecumenical_altar_webs
D:2:      layout_loops_ring, uniq_sigmund
D:3:      layout_rooms, nicolae_overflow_quartered_altars,
          minmay_strange_pillars
D:4:      layout_basic
D:6:      layout_basic, nicolae_overflow_squiral, chequers_ossuary_entry_cave,
          serial_bayou_pond_b
Ossuary:  ossuary_due_cavern

Skill      XL: |  1  2  3  4  5  6 |
---------------+-------------------+-----
Conjurations   | 2 3 |  3.0
Fighting       | 1 |  1.0
Stealth        | 4 |  4.0
Spellcasting   | 4 |  4.0
Fire Magic     | 4 |  4.0
Dodging        | 3 5 7 |  7.0

Action                     |  1- 3 |  4- 6 |  7- 9 || total
---------------------------+-------+-------+-------++-------
  Melee: Unarmed           |    12 |    25 |       ||    37
   Cast: Foxfire           |    37 |    28 |       ||    65
         Scorch            |    14 |    43 |     2 ||    59
    Use: Scroll            |       |     5 |       ||     5
         Potion            |       |       |     1 ||     1
 Armour: Robe              |    12 |    24 |     2 ||    38
  Dodge: Dodged            |    18 |    23 |     4 ||    45
